Map: Thunderbird LE

Players

Mez

  • Race: Zerg Zerg
  • League: Master
  • Spawn Location: 11:00

Warember - Winner!

  • Race: Zerg Zerg
  • League: Diamond
  • Spawn Location: 5:00

VOD

Have the link to the VOD?

Description

Time

  • Played on: Sept. 3, 2019, 8:56 a.m.
  • Length: 14:00
Show
View Real Time Build Order
Export as new Build Order

Mez Zerg 

Build Orders: Hatch First 

Get SALT Encoding   

  12  0:00  Drone  
  13  0:10  Drone  
  14  0:24  Overlord  
  14  0:43  Drone x3  
  17  0:57  Drone  
  17  0:58  Hatchery  
  17  1:05  Drone  
  18  1:15  Spawning Pool  
  18  1:18  Drone  
  18  1:21  Extractor  
  17  1:28  Overlord  
  17  1:38  Drone  
  18  1:51  Drone  
  19  2:05  Zergling x2  
  19  2:07  Queen  
  22  2:09  Queen  
  22  2:11  Zergling x4  
  26  2:22  Metabolic Boost  
  26  2:36  Hatchery  
  25  2:47  Overlord  
  25  2:49  Drone x3  
  28  2:55  Drone  
  29  3:19  Drone x8  
  37  3:31  Roach Warren  
  36  3:43  Drone x4  
  40  3:55  Evolution Chamber  
  39  3:58  Evolution Chamber, Queen  
  40  4:03  Extractor  
  40  4:04  Lair, Extractor  
  40  4:09  Drone x5  
  44  4:10  Drone  
  45  4:31  Drone x6  
  45  4:33  Overlord x3  
  50  4:43  Zerg Missile Weapons Level 1  
  50  4:44  Zerg Ground Armor Level 1  
  50  4:51  Drone x5  
  55  4:55  Overlord  
  55  5:09  Glial Reconstitution  
  55  5:17  Drone x9, Extractor  
  55  5:18  Drone x2  
  65  5:23  Overlord  
  65  5:45  Overlord  
  65  5:46  Overlord x2  
  65  5:47  Roach  
  65  5:48  Roach x4  
  75  6:04  Roach x11  
  97  6:15  Roach  
  99  6:28  Hatchery  
  99  6:30  Roach x4  
  99  6:31  Overlord  
  99  6:32  Overlord x3  
  106  6:34  Overlord x2  
  106  6:35  Overlord  
  106  6:39  Zerg Missile Weapons Level 2  
  106  6:43  Zerg Ground Armor Level 2  
  106  7:04  Extractor  
  106  7:06  Extractor  
  104  7:10  Drone x4  
  104  7:13  Drone x2  
  104  7:14  Roach  
  104  7:15  Roach x10  
  132  7:35  Roach x11  
  154  7:38  Roach  
  154  7:42  Overlord x2  
  156  7:45  Overlord  
  156  7:48  Overlord  
  156  7:55  Queen  
  158  8:03  Drone x2  
  158  8:04  Drone  
  158  8:05  Drone  
  162  8:11  Roach x7  
  162  8:12  Roach  
  180  8:27  Roach x7  
  180  8:30  Ravager x8  
  200  8:57  Overseer  
  200  9:00  Overseer x3  
  199  9:30  Hatchery  
  196  9:40  Ravager x3  
  193  10:02  Overlord x2  
  193  10:03  Overlord  
  134  10:15  Overseer x4  
  134  10:22  Roach x15  
  134  10:23  Roach x14  
  134  10:27  Hatchery  
  191  10:34  Ravager  
  192  10:36  Overlord  
  190  10:48  Hatchery  
  121  11:09  Roach x9  
  121  11:10  Roach x10  
  121  11:11  Overseer x3  
  140  11:12  Roach  
  140  11:13  Roach x11  
  121  11:40  Roach x5  
  121  11:41  Roach x8  
  121  11:44  Queen  
  149  11:57  Roach x7  
  163  12:03  Roach  
  163  12:04  Roach x5  
  175  12:30  Roach x5  
  183  12:50  Overlord x4  
  181  12:53  Pneumatized Carapace  
  181  13:01  Overseer x7  
  136  13:20  Roach  
  136  13:21  Roach x13  
  163  13:33  Overlord x3  
  163  13:34  Overlord x2  
Show
View Real Time Build Order
Export as new Build Order

Warember Zerg - Winner!

Build Orders: Hatch First, Lurkers 

Get SALT Encoding   

  12  0:01  Drone  
  13  0:12  Overlord  
  13  0:17  Drone  
  14  0:31  Drone x2  
  14  0:34  Drone  
  17  0:49  Drone  
  18  0:56  Hatchery  
  17  0:59  Drone  
  17  1:03  Extractor  
  17  1:14  Spawning Pool  
  17  1:17  Drone  
  17  1:20  Drone  
  18  1:28  Drone  
  19  1:40  Overlord  
  19  1:50  Drone  
  20  2:01  Zergling x2, Queen  
  22  2:08  Queen  
  23  2:09  Zergling x2  
  23  2:12  Drone  
  23  2:13  Metabolic Boost  
  27  2:26  Drone x2  
  29  2:40  Hatchery  
  29  2:42  Drone  
  29  2:43  Drone  
  30  2:46  Drone  
  30  2:51  Pneumatized Carapace  
  31  3:02  Overlord  
  31  3:03  Drone x2  
  33  3:09  Drone  
  33  3:10  Drone x2  
  35  3:14  Overlord  
  35  3:22  Drone x3  
  38  3:31  Baneling Nest  
  38  3:33  Evolution Chamber  
  36  3:35  Drone  
  36  3:36  Evolution Chamber  
  36  3:37  Drone  
  36  3:39  Drone  
  38  3:42  Drone  
  38  3:44  Drone  
  38  3:45  Drone  
  41  3:50  Drone x2  
  43  3:56  Lair, Extractor  
  43  3:58  Drone  
  43  4:01  Drone x2  
  45  4:06  Drone x2  
  45  4:08  Drone  
  48  4:13  Extractor  
  48  4:14  Zerg Melee Weapons Level 1  
  48  4:16  Zergling x6  
  50  4:24  Zergling x2  
  50  4:25  Zergling x4  
  50  4:28  Overlord  
  53  4:51  Baneling  
  53  4:52  Baneling x4  
  53  4:54  Drone x4  
  53  4:55  Drone  
  53  4:58  Overlord x2  
  58  5:09  Centrifical Hooks  
  58  5:11  Overlord x2  
  58  5:15  Queen x3  
  58  5:16  Drone x2  
  58  5:20  Drone x4  
  70  5:22  Baneling  
  70  5:23  Baneling x3  
  70  5:28  Drone x2  
  72  5:32  Extractor  
  71  5:40  Zerg Missile Weapons Level 1  
  71  5:42  Drone x4  
  75  5:43  Drone x3  
  75  5:46  Extractor  
  75  5:48  Overseer  
  77  6:02  Hydralisk Den  
  76  6:09  Drone x2  
  76  6:10  Drone x7  
  85  6:34  Grooved Spines  
  85  6:35  Lurker Den  
  85  6:37  Overlord, Zergling x2  
  85  6:38  Overlord x5  
  85  6:41  Zerg Ground Armor Level 1, Extractor  
  85  6:42  Drone, Hatchery  
  85  6:43  Drone  
  85  6:45  Extractor  
  84  6:49  Extractor  
  83  7:01  Hydralisk  
  83  7:02  Hydralisk x5  
  95  7:13  Drone x9  
  95  7:14  Drone x2  
  106  7:25  Drone x3  
  106  7:28  Drone x2  
  106  7:29  Drone  
  112  7:34  Hydralisk  
  112  7:35  Hydralisk x2  
  118  7:38  Overlord x3  
  118  7:45  Muscular Augments  
  118  7:46  Hydralisk x3  
  118  7:47  Hatchery  
  118  7:50  Hydralisk x2  
  118  7:51  Hydralisk  
  127  7:54  Zerg Missile Weapons Level 2  
  127  7:56  Hydralisk  
  127  7:57  Hydralisk x2  
  135  7:59  Infestation Pit  
  134  8:08  Hydralisk x5  
  144  8:14  Drone x2  
  144  8:15  Overlord x4  
  144  8:16  Overlord  
  146  8:22  Hydralisk x4  
  154  8:28  Lurker x2  
  154  8:32  Lurker  
  157  8:40  Lurker  
  159  8:41  Lurker  
  159  8:47  Lurker  
  158  8:56  Drone  
  158  8:58  Lurker  
  160  9:09  Hydralisk  
  160  9:10  Hydralisk x8  
  178  9:24  Overlord x2  
  178  9:25  Overlord x2  
  177  9:37  Hydralisk x3  
  182  9:39  Hive  
  182  9:40  Zerg Ground Armor Level 2  
  177  10:01  Hydralisk x4  
  177  10:02  Hydralisk x7  
  182  10:14  Lurker  
  182  10:15  Lurker x2  
  182  10:19  Hydralisk  
  182  10:20  Hydralisk  
  189  10:28  Drone x4  
  193  10:42  Hatchery  
  192  10:43  Extractor  
  192  10:44  Extractor  
  167  11:03  Hydralisk x5  
  167  11:04  Hydralisk x8  
  140  11:08  Hydralisk x2  
  162  11:15  Hydralisk  
  162  11:16  Hydralisk x3  
  166  11:19  Adaptive Talons  
  166  11:21  Zerg Missile Weapons Level 3  
  166  11:22  Hydralisk  
  154  11:34  Hydralisk x5  
  155  11:42  Hydralisk  
  155  11:43  Hydralisk x3  
  163  12:07  Lurker x3  
  166  12:08  Lurker  
  166  12:09  Lurker  
  166  12:10  Lurker  
  166  12:14  Hydralisk x2  
  173  12:16  Zergling x2  
  173  12:17  Hydralisk  
  174  13:02  Hydralisk  
  174  13:03  Hydralisk x13  
  196  13:18  Hydralisk x4  
  174  13:55  Lurker x2  
Tags
 
Composition
Lurkers
Matchup
ZvZ
Race
Zerg
Replay Pack
Spawningtool_Mez
Spawn Locations
Cross Positions
Add a new tag
Caveats
  • Supply blocks, unpowered buildings, or Contaminate may cause inaccurate times.
  • Supply counts are checked every 10 seconds.